 Dungeon Crawl Stone Soup version 0.25.1-2-g60ff931df9 (webtiles) character file.

Game seed: 9277845505252846386

53 pokeman the Magician (level 3, -1/20 HPs)
             Began as a Deep Elf Wizard on Oct 8, 2020.
             Slain by a gnoll
             ... wielding a +0 halberd
              (5 damage)
             ... on level 2 of the Dungeon.
             The game lasted 00:02:20 (1467 turns).

pokeman the Magician (Deep Elf Wizard)              Turns: 1467, Time: 00:02:21

Health: -1/20      AC:  3    Str:  4    XL:     3   Next: 62%
Magic:  1/11       EV: 11    Int: 23    God:
Gold:   48         SH:  0    Dex: 13    Spells: 1/12 levels left

rFire    . . .     SeeInvis .   (no weapon)
rCold    . . .     Gourm    .   (no shield)
rNeg     . . .     Faith    .   e - +0 leather armour
rPois    .         Spirit   .   b - +0 hat
rElec    .         Reflect  .   (no cloak)
rCorr    .         Harm     .   (no gloves)
MR       .....                  (no boots)
Stlth    ++........             (no amulet)
HPRegen  0.06/turn              (no ring)
MPRegen  0.12/turn              (no ring)

@: very slightly contaminated
A: no striking features
a: no special abilities


You were on level 2 of the Dungeon.
You were hungry.

You visited 1 branch of the dungeon, and saw 2 of its levels.

You collected 48 gold pieces.

Inventory:

Armour
 b - a +0 hat (worn)
 e - a +0 leather armour (worn)
Scrolls
 a - 2 scrolls of identify {unknown}
Potions
 c - 2 potions of stabbing {unknown}
 g - 3 potions of degeneration {unknown}
 h - a potion of curing {unknown}
 i - a potion of invisibility {unknown}
Comestibles
 d - 5 rations
 f - 2 chunks of flesh


   Skills:
 - Level 1.0 Fighting
 - Level 1.0 Armour
 - Level 2.4 Dodging
 - Level 2.4 Stealth
 * Level 5.3 Spellcasting
 * Level 2.0 Conjurations
 - Level 1.1 Summonings
 - Level 1.1 Translocations
 + Level 0.0 Air Magic
 + Level 0.0 Poison Magic


You had one spell level left.
You knew the following spells:

 Your Spells              Type           Power        Failure   Level  Hunger
a - Magic Dart            Conj           ###.         7%          1    None
b - Mephitic Cloud        Conj/Pois/Air  #.......     34%         3    ##.....
c - Call Imp              Summ           ##......     16%         2    None
d - Blink                 Tloc           N/A          16%         2    None
e - Conjure Flame         Conj/Fire      ##......     30%         3    ##.....

Your spell library contained the following spells:

 Spells                   Type           Power        Failure   Level  Hunger
 Slow                     Hex            #.......     24%         2    None


Dungeon Overview and Level Annotations

Branches:
Dungeon (2/15)

Altars:


Message History

Aim: a gnoll, wielding a +0 halberd (heavily wounded)
The magic dart hits the gnoll.
The gnoll is severely wounded.
Casting: Magic Dart (safe; 7% risk of failure)
Confirm with . or Enter, or press ? or * to list all spells.
The spell is potentially lethal to cast (34% risk of failure)!
Continue anyway?
Aiming: Mephitic Cloud (potentially lethal; 34% risk of failure)
Press: ? - help, Shift-Dir - straight line, f/p - gnoll
Aim: a gnoll, wielding a +0 halberd (severely wounded)
You miscast Mephitic Cloud.
You are very lightly contaminated with residual magic.
Nothing appears to happen.
You are feeling hungry.
The gnoll hits you from afar with a +0 halberd!
* * * LOW HITPOINT WARNING * * *
A hobgoblin comes into view.
There is an open door here.
There is a stone staircase leading up here.
The gnoll hits you from afar with a +0 halberd.
You die...

######.#.# #.#
#......#+###.#
#.#####...##.# #.#
#...##.# #.#
#...##.# #.#
#...##.#####
###'##
#...'.......
#....#
#...#.######
#[.@.####...#....#
#....gg...######.#
#########'######.#
#..........#
#..........#
#..........#..
#.........g'..
#..........##'
#..........#


You could see 2 gnolls.

Vanquished Creatures
  3 oozes (D:2)
  3 dart slugs (D:1)
  A leopard gecko (D:2)
  3 giant cockroaches (D:1)
  5 goblins
  2 hobgoblins (D:1)
  A quokka (D:2)
  6 bats
  2 frilled lizards (D:1)
  6 rats
32 creatures vanquished.

Notes
Turn   | Place    | Note
-------+----------+-------------------------------------------
     0 | D:1      | pokeman the Deep Elf Wizard began the quest for the Orb.
     0 | D:1      | Reached XP level 1. HP: 10/10 MP: 7/7
   304 | D:1      | Reached XP level 2. HP: 16/16 MP: 7/9
   714 | D:1      | Reached skill level 5 in Spellcasting
   961 | D:1      | Reached XP level 3. HP: 20/20 MP: 8/11
   966 | D:1      | Learned a level 3 spell: Mephitic Cloud
   969 | D:1      | Learned a level 2 spell: Call Imp
   972 | D:1      | Learned a level 2 spell: Blink
   976 | D:1      | Learned a level 3 spell: Conjure Flame
  1320 | D:2      | Reached skill level 1 in Armour
  1434 | D:2      | Reached skill level 1 in Fighting
  1467 | D:2      | Slain by a gnoll

Illustrated notes

Levels and vault maps discovered:
D:1:      saegor_arrival_simple_b, layout_rooms
D:2:      layout_basic, first_ration

Skill      XL: |  1  2  3 |
---------------+----------+-----
Spellcasting   | 5 |  5.3
Armour         | 1 |  1.0
Fighting       | 1 |  1.0
Conjurations   | 2 |  2.0
Dodging        | |  2.4
Stealth        | |  2.4
Summonings     | |  1.1
Translocations | |  1.1

Action                   || total
-------------------------++-------
 Cast: Magic Dart        ||    96
  Eat: Chunk             ||     1
Armor: Leather armour    ||     2
Dodge: Dodged            ||     9
